 Dungeon Crawl Stone Soup version 0.20.0-7-g3b7b877 (webtiles) character file.

58 straycat the Sneak (level 3, 0/26 HPs)
             Began as a Vampire Wanderer on May 29, 2017.
             Killed themself with a bounced zap (4 damage)
             ... on level 2 of the Dungeon.
             The game lasted 00:10:05 (1355 turns).

straycat the Sneak (Vampire Wanderer)               Turns: 1355, Time: 00:10:05

Health: 0/26       AC:  2    Str: 10 (11) XL:     3   Next: 75%
Magic:  2/7        EV: 12    Int: 14 (15) God:
Gold:   79         SH:  0    Dex: 12 (13) Spells: 7/8 levels left

rFire    . . .     SeeInvis +   a - +2 dagger
rCold    . . .     Gourm    .   (no shield)
rNeg     + . .     Faith    .   e - +0 robe
rPois    .         Spirit   .   (no helmet)
rElec    .         Reflect  .   (no cloak)
rCorr    .         Harm     .   (no gloves)
MR       .....                  (no boots)
Stlth    +++.......             (no amulet)
Regen    0.1/turn               (no ring)
MPRegen  0.1/turn               (no ring)

@: no status effects
A: fangs 3, see invisible, unbreathing
a: Bat Form


You were on level 2 of the Dungeon.
You were not thirsty.

You visited 1 branch of the dungeon, and saw 2 of its levels.

You collected 79 gold pieces.

Inventory:

Hand Weapons
 a - a +2 dagger (weapon)
 m - a +0 spear
Missiles
 g - 20 bolts
 h - 27 arrows
 k - 27 sling bullets
 l - 65 stones (quivered)
Armour
 e - a +0 robe (worn)
Jewellery
 j - an uncursed amulet of rage {unknown}
Scrolls
 i - a scroll of enchant armour {unknown}
Potions
 f - 15 potions of blood
Books
 c - the Almanac of Ignition

   Spells                             Type                      Level
   a - Flame Tongue                   Conjuration/Fire             1
   b - Ignite Poison                  Fire/Transmutation/Poison    3
 d - the Compendium of Lightness

   Spells                             Type                      Level
   a - Shock                          Conjuration/Air              1
   b - Static Discharge               Conjuration/Air              3


   Skills:
 * Level 1.5 Fighting
 + Level 0.9 Short Blades
 - Level 1.0 Polearms
 + Level 1.0 Armour
 * Level 1.4 Dodging
 + Level 4.8 Stealth
 + Level 3.3 Spellcasting
 - Level 2.0 Air Magic


You had 7 spell levels left.
You knew the following spells:

 Your Spells              Type           Power        Failure   Level  Hunger
a - Shock                 Conj/Air       #...         14%         1    #......


Dungeon Overview and Level Annotations

Branches:
Dungeon (2/15)

Altars:
Ashenzari
Qazlal
Ru

Annotations:
D:2 Natasha


Innate Abilities, Weirdness & Mutations

You have razor-sharp teeth.
You have supernaturally acute eyesight. (SInv)
You can survive without breathing.


Message History

Aim: Natasha (almost dead, hasn't noticed you)
The zap misses Natasha. x2
Casting: Shock
Confirm with . or Enter, or press ? or * to list all spells.
Aiming: Shock
Press: ? - help, Shift-Dir - straight line, f/p - Natasha
Aim: Natasha (almost dead) That beam is likely to hit you.
Continue anyway? [Y]es or [N]o only, please.
That beam is likely to hit you.
Continue anyway?
Okay, then.
Casting: Shock
Confirm with . or Enter, or press ? or * to list all spells.
Aiming: Shock
Press: ? - help, Shift-Dir - straight line, p - Natasha That beam is likely to hit you.
Continue anyway?
The zap hits Natasha.
Natasha is almost dead.
The zap misses Natasha.
The zap hits you!
You die...

#.###.#####....##.#...#.##..#
#.# ##..#....'.8.'._##.#
#.####...####.#...#.###.#
#........# ####'#### #.#
######.%.# ###...#####.#
#...# #)##_###.##.#
#...####.#####...#.#
#...##.....#.......#
#...##@#.###.......#
##...##h#.# ##.....##
#.........# ##...##
#...############.##
#######h.รท# ##.........#
..........###...########
########......#..#
##h###....# #.# ##.#.#


You could see Natasha.

Vanquished Creatures
  An adder (D:2)
  2 dart slugs (D:1)
  A ball python (D:2)
  3 bats (D:1)
  A giant cockroach (D:1)
  5 goblins (D:1)
  6 hobgoblins (D:1)
  10 jackals
  A frilled lizard (D:2)
  4 kobolds
  6 rats
40 creatures vanquished.

Notes
Turn   | Place    | Note
-------+----------+-------------------------------------------
     0 | D:1      | straycat the Vampire Wanderer began the quest for the Orb.
     0 | D:1      | straycat set off with: a +2 dagger, a scroll of fear, the Almanac of Ignition, the Compendium of Lightness, a +0 robe, a potion of blood
     0 | D:1      | Reached XP level 1. HP: 15/15 MP: 4/4
     0 | D:1      | Identified the Almanac of Ignition
     0 | D:1      | Identified the Compendium of Lightness
     2 | D:1      | Learned a level 1 spell: Shock
   162 | D:1      | Reached XP level 2. HP: 21/21 MP: 1/6
   518 | D:1      | Reached XP level 3. HP: 22/26 MP: 1/7
   592 | D:1      | Reached skill level 1 in Dodging
  1114 | D:2      | Found a stormy altar of Qazlal.
  1122 | D:2      | Found a sacrificial altar of Ru.
  1134 | D:2      | Found a shattered altar of Ashenzari.
  1268 | D:2      | Reached skill level 1 in Armour
  1307 | D:2      | Noticed Natasha
  1310 | D:2      | HP: 1/26 [Natasha/magic dart (9)]
  1355 | D:2      | Killed themself with a bounced zap

Skill      XL: |  1  2  3 |
---------------+----------+-----
Dodging        | 1 |  1.4
Armour         | 1 |  1.0
Fighting       | |  1.5
Short Blades   | |  0.9
Polearms       | |  1.0
Stealth        | |  4.8
Spellcasting   | |  3.3
Air Magic      | |  2.0

Action                   || total
-------------------------++-------
Melee: Dagger            ||    63
       Bite              ||     6
Throw: Stone             ||     1
 Cast: Shock             ||    62
  Use: Potion            ||     3
       Scroll            ||     1
 Stab: Sleeping          ||     1
Armor: Robe              ||    21
Dodge: Dodged            ||    57
